Red Wings vs Blue Jackets
Created - 14 février 2017 at 20:03
Goals
|
| Red Wings |
0 |
5 |
1 |
6 |
| Blue Jackets |
0 |
1 |
1 |
2 |
|
Shots
|
| Red Wings |
3 |
18 |
7 |
28 |
| Blue Jackets |
5 |
8 |
11 |
24 |
|
1st period
No Goal
Penalties :
A.J Thelen (Clb) for Interference (Minor) at 10:04
2nd period
1. Red Wings , Adam Henrique 7 (Shea Weber, Ole-Kristian Tollefsen) at 3:56
2. Red Wings , Rick Nash 35 (Filip Kuba, Mike Richards) at 9:48 (PP)
3. Red Wings , Phil Kessel 21 (Ole-Kristian Tollefsen, Alex Picard) at 11:14
4. Blue Jackets , Mike York 17 (Martin Havlat, Pavel Datsyuk) at 13:17
5. Red Wings , Mike Brown 6 (Ole-Kristian Tollefsen, Alex Picard) at 15:44
6. Red Wings , Sean Bergenheim 13 (Steve Downie, Tyler Johnson) at 16:59
Penalties :
Ales Hemsky (Det) for Hooking (Minor) at 5:01, Pavel Datsyuk (Clb) for Hooking (Minor) at 9:25, Andreas Nodl (Clb) for Hooking (Minor) at 19:19
3rd period
7. Blue Jackets , Marcus Nilson 12 (Patric Hornqvist, Pavel Datsyuk) at 5:04 (PP)
8. Red Wings , Rick Nash 36 (Stephane Robidas, Phil Kessel) at 16:50 (PP)
Penalties :
Tomas Plekanec (Det) for Hooking (Minor) at 4:49, Phil Kessel (Det) for Roughing (Minor) at 6:57, Mike York (Clb) for Tripping (Minor) at 15:53
Goalie Stats
Michal Neuvirth (Det), 22 saves from 24 shots - (0,917), W, 20-14-6, 60:00 minutes
Niklas Backstrom (Clb), 10 saves from 12 shots - (0,833), 24:16 minutes
Rick DiPietro (Clb), 12 saves from 16 shots - (0,750), L, 21-17-1, 35:44 minutes
Players Stats for Red Wings
Player Name G A P +/- PIM S H SB GA TA FO MP PP MP PK MP
------------------------------------------------------------------------------------
Adam Henrique 1 0 1 0 0 2 1 0 0 0 0/0 12:45 1:54 0:00
Ales Hemsky 0 0 0 0 2 1 2 0 0 0 0/0 10:46 0:00 0:00
Alex Picard 0 2 2 1 0 0 2 0 0 0 0/1 9:36 0:00 0:05
Chris Campoli 0 0 0 0 0 0 1 0 0 0 0/0 13:37 0:18 0:00
Filip Kuba 0 1 1 -1 0 3 1 3 0 2 0/0 22:43 3:28 2:04
Mike Brown 1 0 1 1 0 2 0 0 0 0 0/0 9:41 0:00 0:05
Mike Richards 0 1 1 1 0 1 2 0 0 0 11/24 20:28 3:24 0:00
Nate Thompson 0 0 0 1 0 1 0 2 0 0 1/4 9:30 0:00 0:00
Ole-Kristian Tollefsen 0 3 3 4 0 3 2 0 0 1 0/0 23:01 1:32 2:09
Phil Kessel 1 1 2 1 2 2 1 0 2 1 0/0 20:22 3:24 0:00
Rick Nash 2 0 2 1 0 4 4 0 1 0 0/2 22:11 3:24 1:55
Sean Bergenheim 1 0 1 1 0 2 0 0 0 0 0/0 15:49 1:54 0:00
Shea Weber 0 1 1 4 0 0 0 1 1 0 0/0 22:36 1:32 2:04
Stephane Robidas 0 1 1 -1 0 3 0 2 0 1 0/0 20:39 3:28 0:00
Steve Downie 0 1 1 1 0 2 3 0 1 0 1/2 15:28 0:00 2:13
Tim Ramholt 0 0 0 0 0 0 2 0 0 0 0/0 16:06 0:18 2:09
Tomas Plekanec 0 0 0 0 2 1 4 0 0 0 3/3 12:18 0:00 1:55
Tyler Johnson 0 1 1 1 0 1 1 0 0 3 4/14 18:08 1:54 2:13
Players Stats for Blue Jackets
Player Name G A P +/- PIM S H SB GA TA FO MP PP MP PK MP
------------------------------------------------------------------------------------
A.J Thelen 0 0 0 0 2 0 0 0 0 1 0/0 4:44 0:00 0:00
Andreas Nodl 0 0 0 -1 2 2 0 0 1 0 2/3 14:09 0:00 1:03
Branislav Mezei 0 0 0 -2 0 0 1 1 0 0 0/0 27:47 2:08 4:02
Brooks Orpik 0 0 0 0 0 0 0 3 0 1 0/0 18:45 2:05 1:16
Cory Emmerton 0 0 0 -1 0 0 0 0 0 0 0/0 7:28 0:00 0:00
Dave Steckel 0 0 0 -1 0 1 2 0 0 0 1/2 15:18 0:38 0:59
David Booth 0 0 0 0 0 2 0 1 0 0 1/1 6:36 0:00 0:47
François Beauchemin 0 0 0 -1 0 0 0 0 1 0 0/0 12:28 0:00 0:00
Jan Bulis 0 0 0 0 0 0 3 0 1 0 5/8 17:33 1:36 0:00
Jason Ward 0 0 0 -1 0 0 0 0 0 0 0/0 7:41 0:13 0:00
Kevin Bieksa 0 0 0 -2 0 1 1 1 0 1 0/0 24:55 2:08 4:02
Marcus Nilson 1 0 1 -1 0 6 2 1 2 1 1/3 21:23 2:12 0:15
Martin Havlat 0 1 1 0 0 1 4 1 0 1 0/0 18:48 1:36 1:15
Mike Commodore 0 0 0 -1 0 0 0 1 1 0 0/0 12:11 0:00 0:00
Mike Lundin 0 0 0 0 0 0 0 1 0 0 0/0 19:09 2:05 1:16
Mike York 1 0 1 0 2 7 2 0 0 0 0/0 17:35 1:36 0:00
Patric Hornqvist 0 1 1 -2 0 1 1 1 1 0 0/2 22:00 2:24 3:20
Pavel Datsyuk 0 2 2 -2 2 3 3 0 1 0 20/31 26:08 2:24 2:57
3 Stars
1 - Ole-Kristian Tollefsen (Det)
2 - Rick Nash (Det)
3 - Shea Weber (Det)
Power Play
Red Wings - 2 on 4 Attempt(s) - 50,00%
Blue Jackets - 1 on 3 Attempt(s) - 33,33%
Penalty Kill
Red Wings - 2 on 3 Attempt(s) - 66,67%
- Score 0 goal in Penalty Kill
Blue Jackets - 2 on 4 Attempt(s) - 50,00%
- Score 0 goal in Penalty Kill
Team Stat
Red Wings - Hits : 26 - Faceoff Wins : 20 - Blocked Shots : 8 - Penalty Minutes : 6
Blue Jackets - Hits : 19 - Faceoff Wins : 30 - Blocked Shots : 11 - Penalty Minutes : 8
Official
Referees : Dwyer Gord and Devorski Paul
Linesman : Shane Heyer and Mike Cvik
Game Notes
David Booth is injured at 0:16 of 2nd period (Sprained Left Knee)
Niklas Backstrom enters game at 15:44 of 2nd period
Finance
Level 1 -- Attendance: 4237 (70,62%) -- Ticket Income 381 330 $
Level 2 -- Attendance: 3968 (79,36%) -- Ticket Income 218 240 $
Level 3 -- Attendance: 2000 (100,00%) -- Ticket Income 60 000 $
Level 4 -- Attendance: 4000 (100,00%) -- Ticket Income 80 000 $
Luxury Box -- Attendance: 688 (68,80%) -- Ticket Income 127 280 $
Game was played at the Ohio State Arena.
Total Attendance: 14893 (82,74%)
Total Ticket Income: 866 850 $
Other Income: 130 028 $
Total Income: 996 878 $
Red Wings
5 vs 5 Forward
Center Left Wing Right Wing Time % Phy DF OF
1 Mike Richards Rick Nash Phil Kessel 40 0 2 3
2 Tyler Johnson Sean Bergenheim Steve Downie 30 0 3 2
3 Tomas Plekanec Adam Henrique Ales Hemsky 20 0 3 2
4 Nate Thompson Alex Picard Mike Brown 10 1 2 2
5 vs 5 Defense
Defense Defense Time % Phy DF OF
1 Shea Weber Ole-Kristian Tollefsen 40 0 3 2
2 Stephane Robidas Filip Kuba 35 0 3 2
3 Chris Campoli Tim Ramholt 15 1 3 1
4 Chris Campoli Tim Ramholt 10 1 3 1
PowerPlay Forward
Center Left Wing Right Wing Time % Phy DF OF
1 Mike Richards Rick Nash Phil Kessel 60 0 1 4
2 Tyler Johnson Adam Henrique Sean Bergenheim 40 0 1 4
PowerPlay Defense
Defense Defense Time % Phy DF OF
1 Shea Weber Ole-Kristian Tollefsen 60 0 2 3
2 Filip Kuba Stephane Robidas 40 0 2 3
Penalty Kill 4 Players Forward
Center Wing Time % Phy DF OF
1 Tyler Johnson Steve Downie 50 1 2 2
2 Tomas Plekanec Rick Nash 50 1 2 2
Penalty Kill 4 Players Defense
Defense Defense Time % Phy DF OF
1 Tim Ramholt Ole-Kristian Tollefsen 50 1 2 2
2 Shea Weber Filip Kuba 50 1 2 2
Penalty Kill - 3 Players Forward
Forward Time % Phy DF OF
1 Tyler Johnson 60 1 2 2
2 Steve Downie 40 1 2 2
Penalty Kill - 3 Players Defense
Defense Defense Time % Phy DF OF
1 Tim Ramholt Ole-Kristian Tollefsen 50 1 2 2
2 Shea Weber Filip Kuba 50 1 2 2
4 vs 4 Forward
Center Wing Time % Phy DF OF
1 Mike Richards Rick Nash 60 1 2 2
2 Tyler Johnson Sean Bergenheim 40 1 2 2
4 vs 4 Defense
Defense Defense Time % Phy DF OF
1 Shea Weber Ole-Kristian Tollefsen 60 1 2 2
2 Stephane Robidas Filip Kuba 40 1 2 2
Last Minutes Offensive
Center Left Wing Right Wing Defense Defense
Mike Richards Rick Nash Phil Kessel Shea Weber Ole-Kristian Tollefsen
Last Minutes Defensive
Center Left Wing Right Wing Defense Defense
Tyler Johnson Rick Nash Steve Downie Shea Weber Ole-Kristian Tollefsen
Goaltenders
Starting : Michal Neuvirth
Backup : Mike McKenna
Extra Forwards
Normal : Rick Nash, Sean Bergenheim, Adam Henrique - PP : Steve Downie, Ales Hemsky - PK : Mike Brown
Extra Defensemen
Normal : Shea Weber, Ole-Kristian Tollefsen, Chris Campoli - PP : Chris Campoli - PK : Ole-Kristian Tollefsen, Stephane Robidas
Penalty Shots
Rick Nash, Mike Richards, Steve Downie, Shea Weber, Phil Kessel
Blue Jackets
5 vs 5 Forward
Center Left Wing Right Wing Time % Phy DF OF
1 Pavel Datsyuk David Booth Patric Hornqvist 40 1 2 2
2 Jan Bulis Mike York Martin Havlat 30 1 2 2
3 Dave Steckel Marcus Nilson Andreas Nodl 20 1 2 2
4 Cory Emmerton Pavel Datsyuk Jason Ward 10 1 2 2
5 vs 5 Defense
Defense Defense Time % Phy DF OF
1 Branislav Mezei Kevin Bieksa 40 1 2 2
2 Mike Lundin Brooks Orpik 30 1 2 2
3 François Beauchemin Mike Commodore 20 1 2 2
4 A.J Thelen Branislav Mezei 10 1 2 2
PowerPlay Forward
Center Left Wing Right Wing Time % Phy DF OF
1 Pavel Datsyuk David Booth Patric Hornqvist 60 1 2 2
2 Jan Bulis Mike York Martin Havlat 40 1 2 2
PowerPlay Defense
Defense Defense Time % Phy DF OF
1 Branislav Mezei Kevin Bieksa 60 1 2 2
2 Mike Lundin Brooks Orpik 40 1 2 2
Penalty Kill 4 Players Forward
Center Wing Time % Phy DF OF
1 Pavel Datsyuk Patric Hornqvist 60 1 2 2
2 David Booth Martin Havlat 40 1 2 2
Penalty Kill 4 Players Defense
Defense Defense Time % Phy DF OF
1 Branislav Mezei Kevin Bieksa 60 1 2 2
2 Mike Lundin Brooks Orpik 40 1 2 2
Penalty Kill - 3 Players Forward
Forward Time % Phy DF OF
1 Pavel Datsyuk 60 1 2 2
2 Patric Hornqvist 40 1 2 2
Penalty Kill - 3 Players Defense
Defense Defense Time % Phy DF OF
1 Branislav Mezei Kevin Bieksa 60 1 2 2
2 Mike Lundin Brooks Orpik 40 1 2 2
4 vs 4 Forward
Center Wing Time % Phy DF OF
1 Pavel Datsyuk Patric Hornqvist 60 1 2 2
2 David Booth Martin Havlat 40 1 2 2
4 vs 4 Defense
Defense Defense Time % Phy DF OF
1 Branislav Mezei Kevin Bieksa 60 1 2 2
2 Mike Lundin Brooks Orpik 40 1 2 2
Last Minutes Offensive
Center Left Wing Right Wing Defense Defense
Pavel Datsyuk David Booth Patric Hornqvist Branislav Mezei Kevin Bieksa
Last Minutes Defensive
Center Left Wing Right Wing Defense Defense
Pavel Datsyuk David Booth Patric Hornqvist Branislav Mezei Kevin Bieksa
Goaltenders
Starting : Rick DiPietro
Backup : Niklas Backstrom
Extra Forwards
Normal : Marcus Nilson, Dave Steckel, Andreas Nodl - PP : Marcus Nilson, Dave Steckel - PK : Andreas Nodl
Extra Defensemen
Normal : François Beauchemin, Mike Commodore, A.J Thelen - PP : François Beauchemin - PK : Mike Commodore, A.J Thelen
Penalty Shots
Pavel Datsyuk, Patric Hornqvist, David Booth, Martin Havlat, Mike York
% Time on Ice - Red Wings
Lines # - Real PCT - Wanted PCT - Time Play
Normal Forward
1 - 33% - 40% - 16:50
2 - 28% - 30% - 14:06
3 - 21% - 20% - 10:22
4 - 18% - 10% - 9:11
Normal Defense
1 - 39% - 40% - 19:53
2 - 34% - 35% - 17:11
3 - 17% - 15% - 8:41
4 - 9% - 10% - 4:44
PP Forward
1 - 64% - 60% - 3:24
2 - 36% - 40% - 1:54
PP Defense
1 - 35% - 60% - 1:50
2 - 65% - 40% - 3:28
PK Forward
1 - 53% - 50% - 2:13
2 - 47% - 50% - 2:00
PK Defense
1 - 51% - 50% - 2:09
2 - 49% - 50% - 2:04
PK3 Forward
1 - 0% - 60%
2 - 0% - 40%
PK3 Defense
1 - 0% - 50%
2 - 0% - 50%
44 Forward
1 - 0% - 60%
2 - 0% - 40%
44 Defense
1 - 0% - 60%
2 - 0% - 40%
Last Minute Offensive - 0:00
Last Minute Defensive - 0:00
Total
Forward - 60:00
Defense - 60:00
|
% Time on Ice - Blue Jackets
Lines # - Real PCT - Wanted PCT - Time Play
Normal Forward
1 - 32% - 40% - 16:16
2 - 32% - 30% - 15:57
3 - 21% - 20% - 10:48
4 - 15% - 10% - 7:28
Normal Defense
1 - 37% - 40% - 18:45
2 - 31% - 30% - 15:48
3 - 24% - 20% - 12:11
4 - 7% - 10% - 3:45
PP Forward
1 - 62% - 60% - 2:37
2 - 38% - 40% - 1:36
PP Defense
1 - 51% - 60% - 2:08
2 - 49% - 40% - 2:05
PK Forward
1 - 76% - 60% - 4:03
2 - 24% - 40% - 1:15
PK Defense
1 - 76% - 60% - 4:02
2 - 24% - 40% - 1:16
PK3 Forward
1 - 0% - 60%
2 - 0% - 40%
PK3 Defense
1 - 0% - 60%
2 - 0% - 40%
44 Forward
1 - 0% - 60%
2 - 0% - 40%
44 Defense
1 - 0% - 60%
2 - 0% - 40%
Last Minute Offensive - 0:00
Last Minute Defensive - 0:00
Total
Forward - 60:00
Defense - 60:00
|
Play by Play
1st period
0:01 of 1st period - Mike Richards wins face-off versus Pavel Datsyuk in neutral zone.
0:49 of 1st period - Snap shot by Ales Hemsky.
0:49 of 1st period - Shot Misses the Net.
1:59 of 1st period - Patric Hornqvist is hit by Tyler Johnson and loses puck.
2:16 of 1st period - Slapshot by Marcus Nilson.
2:16 of 1st period - Stopped by Michal Neuvirth with a rebound.
2:32 of 1st period - Filip Kuba is hit by Pavel Datsyuk and loses puck.
2:47 of 1st period - Mike York is hit by Rick Nash and loses puck.
3:04 of 1st period - Filip Kuba is hit by Dave Steckel and loses puck.
3:27 of 1st period - Slapshot by Marcus Nilson.
3:27 of 1st period - Shot Misses the Net.
4:42 of 1st period - Snap shot by Rick Nash.
4:42 of 1st period - Shot Blocked by Brooks Orpik.
5:49 of 1st period - Slapshot by Pavel Datsyuk.
5:49 of 1st period - Shot Misses the Net.
5:55 of 1st period - A.J Thelen is hit by Mike Richards and loses puck.
6:15 of 1st period - Wrist shot by David Booth.
6:15 of 1st period - Shot Misses the Net.
6:17 of 1st period - Slapshot by Kevin Bieksa.
6:17 of 1st period - Shot Blocked by Nate Thompson.
6:39 of 1st period - Snap shot by David Booth.
6:39 of 1st period - Stopped by Michal Neuvirth without a rebound.
6:40 of 1st period - Mike Richards wins face-off versus Jan Bulis in Red Wings zone.
6:40 of 1st period - Mike Richards is hit by Jan Bulis.
6:46 of 1st period - Mike York is hit by Tim Ramholt.
7:01 of 1st period - Mike York is hit by Tim Ramholt and loses puck.
7:08 of 1st period - Slapshot by Kevin Bieksa.
7:08 of 1st period - Shot Misses the Net.
7:10 of 1st period - Backhand shot by Kevin Bieksa.
7:10 of 1st period - Deflect By Martin Havlat.
7:10 of 1st period - Shot Misses the Net.
7:10 of 1st period - Puck is out of play.
7:11 of 1st period - Dave Steckel wins face-off versus Tyler Johnson in Red Wings zone.
7:41 of 1st period - Jan Bulis is hit by Ales Hemsky and loses puck.
9:54 of 1st period - Slapshot by Adam Henrique.
9:54 of 1st period - Shot Blocked by Branislav Mezei.
9:56 of 1st period - Slapshot by Ales Hemsky.
9:56 of 1st period - Stopped by Rick DiPietro with a rebound.
10:04 of 1st period - Minor Penalty to A.J Thelen for Interference.
10:05 of 1st period - Pavel Datsyuk wins face-off versus Rick Nash in Blue Jackets zone.
10:53 of 1st period - Wrist shot by David Booth.
10:53 of 1st period - Stopped by Michal Neuvirth with a rebound.
12:04 of 1st period - Penalty to A.J Thelen is over, A.J Thelen is back on ice.
12:59 of 1st period - Brooks Orpik is hit by Tomas Plekanec.
13:14 of 1st period - Tyler Johnson is hit by Jan Bulis and loses puck.
14:47 of 1st period - Shea Weber is hit by Marcus Nilson and loses puck.
15:50 of 1st period - Mike Lundin is hit by Alex Picard and loses puck.
16:02 of 1st period - Off-side.
16:03 of 1st period - Tomas Plekanec wins face-off versus Dave Steckel in neutral zone.
16:38 of 1st period - Slapshot by Marcus Nilson.
16:38 of 1st period - Shot Misses the Net.
16:40 of 1st period - Snap shot by Dave Steckel.
16:40 of 1st period - Stopped by Michal Neuvirth without a rebound.
16:41 of 1st period - Pavel Datsyuk wins face-off versus Tyler Johnson in Red Wings zone.
18:18 of 1st period - Snap shot by Steve Downie.
18:18 of 1st period - Shot Hit the Post.
18:36 of 1st period - Slapshot by Mike York.
18:36 of 1st period - Stopped by Michal Neuvirth without a rebound.
18:37 of 1st period - Jan Bulis wins face-off versus Mike Richards in Red Wings zone.
18:52 of 1st period - Slapshot by Phil Kessel.
18:52 of 1st period - Shot Blocked by Martin Havlat.
18:54 of 1st period - Snap shot by Stephane Robidas.
18:54 of 1st period - Stopped by Rick DiPietro without a rebound.
18:55 of 1st period - Tyler Johnson wins face-off versus Pavel Datsyuk in Blue Jackets zone.
19:04 of 1st period - Pavel Datsyuk is hit by Steve Downie and loses puck.
19:21 of 1st period - Phil Kessel is hit by Kevin Bieksa and loses puck.
19:33 of 1st period - Icing by Stephane Robidas.
19:34 of 1st period - David Booth wins face-off versus Mike Richards in Red Wings zone.
19:58 of 1st period - Slapshot by Filip Kuba.
19:58 of 1st period - Stopped by Rick DiPietro with a rebound.
Goals for this period are 0 for Red Wings vs 0 for Blue Jackets.
Shots for this period are 3 for Red Wings vs 5 for Blue Jackets.
2nd period
0:01 of 2nd period - Pavel Datsyuk wins face-off versus Mike Richards in neutral zone.
0:16 of 2nd period - Snap shot by Mike Richards.
0:16 of 2nd period - Shot Blocked by David Booth.
0:16 of 2nd period - David Booth from Blue Jackets is injured at 0:16 of 2nd period (Sprained Left Knee).
0:17 of 2nd period - Mike Richards wins face-off versus Pavel Datsyuk in Blue Jackets zone.
0:30 of 2nd period - Wrist shot by Mike Richards.
0:30 of 2nd period - Shot Misses the Net.
0:32 of 2nd period - Snap shot by Mike Richards.
0:32 of 2nd period - Shot Misses the Net.
0:34 of 2nd period - Snap shot by Rick Nash.
0:34 of 2nd period - Stopped by Rick DiPietro with a rebound.
1:25 of 2nd period - Slapshot by Jason Ward.
1:25 of 2nd period - Shot Misses the Net.
2:33 of 2nd period - Kevin Bieksa is hit by Phil Kessel and loses puck.
2:53 of 2nd period - Backhand shot by Martin Havlat.
2:53 of 2nd period - Shot Misses the Net.
2:55 of 2nd period - Snap shot by Mike York.
2:55 of 2nd period - Stopped by Michal Neuvirth without a rebound.
2:56 of 2nd period - Pavel Datsyuk wins face-off versus Nate Thompson in Red Wings zone.
3:33 of 2nd period - Pavel Datsyuk is hit by Ole-Kristian Tollefsen and loses puck.
3:56 of 2nd period - Snap shot by Adam Henrique.
3:56 of 2nd period - Goal by Adam Henrique - Red Wings : 1 - Blue Jackets : 0.
3:57 of 2nd period - Mike Richards wins face-off versus Pavel Datsyuk in neutral zone.
4:31 of 2nd period - Snap shot by Mike York.
4:31 of 2nd period - Stopped by Michal Neuvirth with a rebound.
4:53 of 2nd period - Slapshot by Adam Henrique.
4:53 of 2nd period - Shot Blocked by Mike Lundin.
5:01 of 2nd period - Minor Penalty to Ales Hemsky for Hooking.
5:02 of 2nd period - Tyler Johnson wins face-off versus Pavel Datsyuk in Red Wings zone.
5:27 of 2nd period - Filip Kuba is hit by Mike York and loses puck.
5:51 of 2nd period - Off-side.
5:52 of 2nd period - Tomas Plekanec wins face-off versus Marcus Nilson in neutral zone.
7:01 of 2nd period - Penalty to Ales Hemsky is over, Ales Hemsky is back on ice.
7:02 of 2nd period - Icing by Patric Hornqvist.
7:03 of 2nd period - Pavel Datsyuk wins face-off versus Alex Picard in Blue Jackets zone.
7:08 of 2nd period - Snap shot by Mike Lundin.
7:08 of 2nd period - Shot Misses the Net.
7:28 of 2nd period - Dave Steckel is hit by Chris Campoli and loses puck.
7:47 of 2nd period - François Beauchemin is hit by Steve Downie.
8:03 of 2nd period - Branislav Mezei is hit by Tomas Plekanec and loses puck.
8:24 of 2nd period - Backhand shot by Ole-Kristian Tollefsen.
8:24 of 2nd period - Deflect By Branislav Mezei.
8:24 of 2nd period - Stopped by Rick DiPietro with a rebound.
8:46 of 2nd period - Wrist shot by Pavel Datsyuk.
8:46 of 2nd period - Stopped by Michal Neuvirth with a rebound.
9:06 of 2nd period - Wrist shot by Mike Richards.
9:06 of 2nd period - Shot Blocked by Brooks Orpik.
9:25 of 2nd period - Minor Penalty to Pavel Datsyuk for Hooking.
9:26 of 2nd period - Andreas Nodl wins face-off versus Rick Nash in Blue Jackets zone.
9:32 of 2nd period - Slapshot by Andreas Nodl.
9:32 of 2nd period - Stopped by Michal Neuvirth without a rebound.
9:33 of 2nd period - Mike Richards wins face-off versus Andreas Nodl in Red Wings zone.
9:46 of 2nd period - Backhand shot by Rick Nash.
9:46 of 2nd period - Shot Misses the Net.
9:48 of 2nd period - Slapshot by Filip Kuba.
9:48 of 2nd period - Deflect By Rick Nash.
9:48 of 2nd period - Goal by Rick Nash - Red Wings : 2 - Blue Jackets : 0.
9:49 of 2nd period - Mike Richards wins face-off versus Pavel Datsyuk in neutral zone.
9:51 of 2nd period - Off-side.
9:52 of 2nd period - Marcus Nilson wins face-off versus Mike Richards in neutral zone.
9:57 of 2nd period - Mike Richards is hit by Pavel Datsyuk and loses puck.
10:27 of 2nd period - Wrist shot by Steve Downie.
10:27 of 2nd period - Shot Misses the Net.
10:51 of 2nd period - Ole-Kristian Tollefsen is hit by Marcus Nilson and loses puck.
11:14 of 2nd period - Snap shot by Phil Kessel.
11:14 of 2nd period - Goal by Phil Kessel - Red Wings : 3 - Blue Jackets : 0.
11:15 of 2nd period - Pavel Datsyuk wins face-off versus Mike Richards in neutral zone.
11:24 of 2nd period - Wrist shot by Marcus Nilson.
11:24 of 2nd period - Stopped by Michal Neuvirth without a rebound.
11:25 of 2nd period - Mike Richards wins face-off versus Marcus Nilson in Red Wings zone.
11:32 of 2nd period - Wrist shot by Mike Richards.
11:32 of 2nd period - Stopped by Rick DiPietro with a rebound.
11:40 of 2nd period - Wrist shot by Marcus Nilson.
11:40 of 2nd period - Stopped by Michal Neuvirth without a rebound.
11:41 of 2nd period - Pavel Datsyuk wins face-off versus Tyler Johnson in Red Wings zone.
11:57 of 2nd period - Icing by Shea Weber.
11:58 of 2nd period - Jan Bulis wins face-off versus Tyler Johnson in Red Wings zone.
12:13 of 2nd period - Wrist shot by Mike York.
12:13 of 2nd period - Shot Misses the Net.
13:17 of 2nd period - Snap shot by Mike York.
13:17 of 2nd period - Goal by Mike York - Red Wings : 3 - Blue Jackets : 1.
13:18 of 2nd period - Pavel Datsyuk wins face-off versus Mike Richards in neutral zone.
13:27 of 2nd period - Snap shot by Mike Richards.
13:27 of 2nd period - Shot Misses the Net.
13:29 of 2nd period - Slapshot by Filip Kuba.
13:29 of 2nd period - Shot Blocked by Patric Hornqvist.
13:31 of 2nd period - Snap shot by Rick Nash.
13:31 of 2nd period - Shot Misses the Net.
13:33 of 2nd period - Wrist shot by Filip Kuba.
13:33 of 2nd period - Shot Misses the Net.
13:35 of 2nd period - Slapshot by Filip Kuba.
13:35 of 2nd period - Stopped by Rick DiPietro without a rebound.
13:36 of 2nd period - Jan Bulis wins face-off versus Tyler Johnson in Blue Jackets zone.
13:51 of 2nd period - Snap shot by Tyler Johnson.
13:51 of 2nd period - Shot Misses the Net.
14:23 of 2nd period - Snap shot by Tomas Plekanec.
14:23 of 2nd period - Stopped by Rick DiPietro with a rebound.
14:25 of 2nd period - Slapshot by Filip Kuba.
14:25 of 2nd period - Stopped by Rick DiPietro with a rebound.
14:27 of 2nd period - Snap shot by Adam Henrique.
14:27 of 2nd period - Stopped by Rick DiPietro without a rebound.
14:28 of 2nd period - Pavel Datsyuk wins face-off versus Tyler Johnson in Blue Jackets zone.
14:39 of 2nd period - Snap shot by Pavel Datsyuk.
14:39 of 2nd period - Shot Blocked by Filip Kuba.
14:41 of 2nd period - Slapshot by Kevin Bieksa.
14:41 of 2nd period - Shot Blocked by Stephane Robidas.
14:53 of 2nd period - Stephane Robidas is hit by Martin Havlat and loses puck.
14:58 of 2nd period - Wrist shot by Mike York.
14:58 of 2nd period - Stopped by Michal Neuvirth with a rebound.
15:00 of 2nd period - Wrist shot by François Beauchemin.
15:00 of 2nd period - Shot Hit the Post.
15:02 of 2nd period - Snap shot by Martin Havlat.
15:02 of 2nd period - Shot Misses the Net.
15:30 of 2nd period - Snap shot by Mike Brown.
15:30 of 2nd period - Shot Blocked by Mike Commodore.
15:32 of 2nd period - Snap shot by Nate Thompson.
15:32 of 2nd period - Shot Blocked by Marcus Nilson.
15:34 of 2nd period - Wrist shot by Nate Thompson.
15:34 of 2nd period - Stopped by Rick DiPietro without a rebound.
15:35 of 2nd period - Nate Thompson wins face-off versus Jan Bulis in Blue Jackets zone.
15:40 of 2nd period - Snap shot by Ole-Kristian Tollefsen.
15:40 of 2nd period - Deflect By Mike Brown.
15:40 of 2nd period - Stopped by Rick DiPietro with a rebound.
15:42 of 2nd period - Slapshot by Ole-Kristian Tollefsen.
15:42 of 2nd period - Shot Misses the Net.
15:44 of 2nd period - Snap shot by Mike Brown.
15:44 of 2nd period - Goal by Mike Brown - Red Wings : 4 - Blue Jackets : 1.
15:44 of 2nd period - Niklas Backstrom enters game.
15:45 of 2nd period - Mike Richards wins face-off versus Patric Hornqvist in neutral zone.
16:10 of 2nd period - Stephane Robidas is hit by Martin Havlat and loses puck.
16:33 of 2nd period - Slapshot by Stephane Robidas.
16:33 of 2nd period - Stopped by Niklas Backstrom without a rebound.
16:34 of 2nd period - Tyler Johnson wins face-off versus Pavel Datsyuk in Blue Jackets zone.
16:41 of 2nd period - Snap shot by Steve Downie.
16:41 of 2nd period - Stopped by Niklas Backstrom with a rebound.
16:43 of 2nd period - Snap shot by Ole-Kristian Tollefsen.
16:43 of 2nd period - Stopped by Niklas Backstrom without a rebound.
16:44 of 2nd period - Pavel Datsyuk wins face-off versus Tyler Johnson in Blue Jackets zone.
16:59 of 2nd period - Snap shot by Sean Bergenheim.
16:59 of 2nd period - Goal by Sean Bergenheim - Red Wings : 5 - Blue Jackets : 1.
17:00 of 2nd period - Pavel Datsyuk wins face-off versus Mike Richards in neutral zone.
17:03 of 2nd period - Phil Kessel is hit by Branislav Mezei and loses puck.
17:52 of 2nd period - Wrist shot by Steve Downie.
17:52 of 2nd period - Shot Misses the Net.
18:09 of 2nd period - Patric Hornqvist is hit by Adam Henrique and loses puck.
19:19 of 2nd period - Minor Penalty to Andreas Nodl for Hooking.
19:20 of 2nd period - Pavel Datsyuk wins face-off versus Mike Richards in Blue Jackets zone.
19:20 of 2nd period - Pavel Datsyuk is hit by Rick Nash.
19:42 of 2nd period - Snap shot by Sean Bergenheim.
19:42 of 2nd period - Stopped by Niklas Backstrom without a rebound.
19:43 of 2nd period - Pavel Datsyuk wins face-off versus Tyler Johnson in Blue Jackets zone.
Goals for this period are 5 for Red Wings vs 1 for Blue Jackets.
Shots for this period are 18 for Red Wings vs 8 for Blue Jackets.
3rd period
0:01 of 3rd period - Mike Richards wins face-off versus Pavel Datsyuk in neutral zone.
0:10 of 3rd period - Backhand shot by Mike Richards.
0:10 of 3rd period - Shot Misses the Net.
0:12 of 3rd period - Snap shot by Phil Kessel.
0:12 of 3rd period - Stopped by Niklas Backstrom with a rebound.
0:38 of 3rd period - Martin Havlat is hit by Rick Nash and loses puck.
1:07 of 3rd period - Slapshot by Mike Richards.
1:07 of 3rd period - Shot Misses the Net.
1:09 of 3rd period - Snap shot by Rick Nash.
1:09 of 3rd period - Stopped by Niklas Backstrom without a rebound.
1:10 of 3rd period - Pavel Datsyuk wins face-off versus Tyler Johnson in Blue Jackets zone.
1:19 of 3rd period - Penalty to Andreas Nodl is over, Andreas Nodl is back on ice.
1:19 of 3rd period - Wrist shot by Patric Hornqvist.
1:19 of 3rd period - Shot Blocked by Stephane Robidas.
1:37 of 3rd period - Mike Lundin is hit by Filip Kuba and loses puck.
1:58 of 3rd period - Snap shot by Tyler Johnson.
1:58 of 3rd period - Stopped by Niklas Backstrom without a rebound.
1:59 of 3rd period - Jan Bulis wins face-off versus Nate Thompson in Blue Jackets zone.
2:06 of 3rd period - Chris Campoli is hit by Mike York.
2:12 of 3rd period - Wrist shot by Martin Havlat.
2:12 of 3rd period - Stopped by Michal Neuvirth with a rebound.
2:14 of 3rd period - Wrist shot by Mike York.
2:14 of 3rd period - Shot Misses the Net.
4:49 of 3rd period - Minor Penalty to Tomas Plekanec for Hooking.
4:50 of 3rd period - Pavel Datsyuk wins face-off versus Tyler Johnson in Red Wings zone.
4:54 of 3rd period - Wrist shot by Marcus Nilson.
4:54 of 3rd period - Stopped by Michal Neuvirth without a rebound.
4:55 of 3rd period - Pavel Datsyuk wins face-off versus Steve Downie in Red Wings zone.
5:02 of 3rd period - Snap shot by Marcus Nilson.
5:02 of 3rd period - Stopped by Michal Neuvirth with a rebound.
5:04 of 3rd period - Wrist shot by Patric Hornqvist.
5:04 of 3rd period - Deflect By Marcus Nilson.
5:04 of 3rd period - Goal by Marcus Nilson - Red Wings : 5 - Blue Jackets : 2.
5:05 of 3rd period - Pavel Datsyuk wins face-off versus Mike Richards in neutral zone.
5:49 of 3rd period - Snap shot by Steve Downie.
5:49 of 3rd period - Shot Misses the Net.
6:01 of 3rd period - Andreas Nodl is hit by Ales Hemsky and loses puck.
6:57 of 3rd period - Minor Penalty to Phil Kessel for Roughing.
6:58 of 3rd period - Tomas Plekanec wins face-off versus Pavel Datsyuk in Red Wings zone.
7:22 of 3rd period - Tim Ramholt is hit by Martin Havlat and loses puck.
8:41 of 3rd period - Pavel Datsyuk is hit by Tomas Plekanec and loses puck.
8:57 of 3rd period - Penalty to Phil Kessel is over, Phil Kessel is back on ice.
8:58 of 3rd period - Tim Ramholt is hit by Martin Havlat and loses puck.
9:53 of 3rd period - Off-side.
9:54 of 3rd period - Mike Richards wins face-off versus Patric Hornqvist in neutral zone.
10:32 of 3rd period - Jason Ward is hit by Alex Picard and loses puck.
10:53 of 3rd period - François Beauchemin is hit by Tomas Plekanec and loses puck.
11:12 of 3rd period - Wrist shot by Andreas Nodl.
11:12 of 3rd period - Stopped by Michal Neuvirth with a rebound.
11:14 of 3rd period - Slapshot by François Beauchemin.
11:14 of 3rd period - Deflect By Dave Steckel.
11:14 of 3rd period - Shot Misses the Net.
11:14 of 3rd period - Puck is out of play.
11:15 of 3rd period - Andreas Nodl wins face-off versus Mike Richards in Red Wings zone.
11:39 of 3rd period - Tim Ramholt is hit by Patric Hornqvist and loses puck.
12:19 of 3rd period - Wrist shot by Mike Brown.
12:19 of 3rd period - Shot Misses the Net.
12:36 of 3rd period - Snap shot by Rick Nash.
12:36 of 3rd period - Shot Misses the Net.
12:38 of 3rd period - Slapshot by Ole-Kristian Tollefsen.
12:38 of 3rd period - Stopped by Niklas Backstrom without a rebound.
12:39 of 3rd period - Mike Richards wins face-off versus Jan Bulis in Blue Jackets zone.
12:54 of 3rd period - Snap shot by Mike York.
12:54 of 3rd period - Shot Misses the Net.
13:06 of 3rd period - Marcus Nilson is hit by Steve Downie and loses puck.
13:40 of 3rd period - Martin Havlat is hit by Ole-Kristian Tollefsen and loses puck.
14:01 of 3rd period - Mike Richards is hit by Dave Steckel and loses puck.
14:25 of 3rd period - Sean Bergenheim is hit by Pavel Datsyuk and loses puck.
14:58 of 3rd period - Stephane Robidas is hit by Jan Bulis and loses puck.
15:03 of 3rd period - Snap shot by Mike York.
15:03 of 3rd period - Stopped by Michal Neuvirth with a rebound.
15:05 of 3rd period - Wrist shot by Jan Bulis.
15:05 of 3rd period - Shot Blocked by Nate Thompson.
15:07 of 3rd period - Snap shot by Mike Commodore.
15:07 of 3rd period - Shot Blocked by Filip Kuba.
15:53 of 3rd period - Minor Penalty to Mike York for Tripping.
15:54 of 3rd period - Pavel Datsyuk wins face-off versus Mike Richards in Blue Jackets zone.
16:00 of 3rd period - Slapshot by Pavel Datsyuk.
16:00 of 3rd period - Stopped by Michal Neuvirth with a rebound.
16:04 of 3rd period - Snap shot by Pavel Datsyuk.
16:04 of 3rd period - Stopped by Michal Neuvirth with a rebound.
16:06 of 3rd period - Snap shot by Pavel Datsyuk.
16:06 of 3rd period - Shot Blocked by Shea Weber.
16:16 of 3rd period - Wrist shot by Adam Henrique.
16:16 of 3rd period - Shot Blocked by Kevin Bieksa.
16:18 of 3rd period - Snap shot by Stephane Robidas.
16:18 of 3rd period - Deflect By Patric Hornqvist.
16:18 of 3rd period - Stopped by Niklas Backstrom without a rebound.
16:19 of 3rd period - Tyler Johnson wins face-off versus Pavel Datsyuk in Blue Jackets zone.
16:34 of 3rd period - Snap shot by Sean Bergenheim.
16:34 of 3rd period - Shot Blocked by Brooks Orpik.
16:50 of 3rd period - Wrist shot by Rick Nash.
16:50 of 3rd period - Goal by Rick Nash - Red Wings : 6 - Blue Jackets : 2.
16:51 of 3rd period - Pavel Datsyuk wins face-off versus Mike Richards in neutral zone.
16:54 of 3rd period - Slapshot by Kevin Bieksa.
16:54 of 3rd period - Stopped by Michal Neuvirth with a rebound.
17:02 of 3rd period - Kevin Bieksa is hit by Mike Richards and loses puck.
17:24 of 3rd period - Snap shot by Mike York.
17:24 of 3rd period - Stopped by Michal Neuvirth without a rebound.
17:25 of 3rd period - Steve Downie wins face-off versus Pavel Datsyuk in Red Wings zone.
17:36 of 3rd period - Slapshot by Steve Downie.
17:36 of 3rd period - Stopped by Niklas Backstrom without a rebound.
17:37 of 3rd period - Pavel Datsyuk wins face-off versus Mike Richards in Blue Jackets zone.
17:44 of 3rd period - Snap shot by Marcus Nilson.
17:44 of 3rd period - Shot Blocked by Filip Kuba.
17:46 of 3rd period - Slapshot by Patric Hornqvist.
17:46 of 3rd period - Stopped by Michal Neuvirth with a rebound.
18:57 of 3rd period - Pavel Datsyuk is hit by Rick Nash and loses puck.
19:40 of 3rd period - Wrist shot by Alex Picard.
19:40 of 3rd period - Deflect By Nate Thompson.
19:40 of 3rd period - Shot Misses the Net.
19:40 of 3rd period - Puck is out of play.
19:41 of 3rd period - Jan Bulis wins face-off versus Nate Thompson in Blue Jackets zone.
Goals for this period are 1 for Red Wings vs 1 for Blue Jackets.
Shots for this period are 7 for Red Wings vs 11 for Blue Jackets.
Back to the Top